 Dungeon Crawl Stone Soup version 0.28-a0-1389-gc726bef33b (webtiles) character file.

Game seed: 10500271724199083755

1960 siradein the Cudgeller (level 9, -4/108 (133) HPs)
             Began as a Troll Berserker on Jan 4, 2022.
             Was a Priest of Trog.
             Slain by a wight (12 damage)
             ... on level 7 of the Dungeon.
             The game lasted 00:23:10 (5036 turns).

siradein the Cudgeller (Troll Berserker)            Turns: 5036, Time: 00:23:10

HP:   -4/108 (133)  AC:  5    Str: 31    XL:     9   Next: 0%
MP:   8/8           EV: 19    Int:  3    God:    Trog [***...]
Gold: 350           SH:  0    Dex:  9    Spells: 8/8 levels left

rFire   . . .      SeeInvis .   j - +0 giant club
rCold   + . .      Faith    .   (shield currently unavailable)
rNeg    . . .      Spirit   .   t - +1 robe {rC+}
rPois   .          Reflect  .   (helmet restricted)
rElec   .          Harm     .   (no cloak)
rCorr   .          Rampage  .   (gloves unavailable)
Will    .....                   (boots unavailable)
Stlth   ..........              (no amulet)
HPRegen 1.08/turn               n - +4 ring of evasion
MPRegen 0.11/turn               a - +4 ring of evasion

@: berserking, heavily drained, very quick
A: large, unfitting armour, claws 3, regeneration 1, shaggy fur 1, tough skin 1
a: Renounce Religion, Berserk, Trog's Hand


You were on level 7 of the Dungeon.
You worshipped Trog.
Trog was most pleased with you.
You visited 1 branch of the dungeon, and saw 7 of its levels.

You collected 350 gold pieces.

Inventory:

Hand Weapons
 j - a +0 giant club (weapon)
 o - a +1 whip of draining
 r - a +2 whip of venom
Armour
 i - the +0 robe of the Bells {MP+9 Int+3}
   (You found it on level 3 of the Dungeon)

   Int:       It affects your intelligence (+3).
   MP:        It affects your magic capacity (+9).
 t - a +1 robe of cold resistance (worn)
Jewellery
 a - a +4 ring of evasion (right claw)
 n - a +4 ring of evasion (left claw)
Scrolls
 b - a scroll of acquirement {unknown}
 d - 3 scrolls of blinking
 e - a scroll of fear {unknown}
 h - 3 scrolls of teleportation
 k - a scroll of enchant armour
 s - a scroll of torment {unknown}
Potions
 c - 2 potions of curing {unknown}
 f - a potion of attraction
 g - a potion of magic {unknown}
 l - 2 potions of resistance {unknown}
 m - 2 potions of flight {unknown}
 p - 2 potions of berserk rage {unknown}
 q - 2 potions of heal wounds {unknown}


   Skills:
 + Level 6.1 Fighting
 + Level 6.7 Maces & Flails
 + Level 6.1 Dodging


You had 8 spell levels left.
You didn't know any spells.
Your spell library was empty.

Dungeon Overview and Level Annotations

Branches:
Dungeon (7/15)             Temple (0/1) D:5

Altars:
Gozag

Shops:
D:3 (

Annotations:
D:4 3 runed translucent doors, ASSMAN's ghost, amateur MfTm
D:6 2 runed translucent doors, ryw's ghost, novice DgFi


Innate Abilities, Weirdness & Mutations

You are too large for most types of armour.
You have claws for hands.
Your natural rate of healing is unusually fast.
You are covered in fur. (AC +1)
You have tough skin. (AC +1)


Message History

You destroy the wight!
Trog accepts your kill. The wight barely misses you.
You have reached level 9!
Your experience leads to an increase in your attributes!
Increase (S)trength, (I)ntelligence, or (D)exterity?
You feel stronger. x3
The wight hits you with a +3 halberd of freezing!
You feel drained. The wight freezes you.
Things that are here:
a +0 spear; a +0 robe You closely miss the wight.
The wight hits you with a +3 halberd of freezing.
The wight closely misses you.
You barely miss the wight. The wight barely misses you.
You barely miss the wight. The wight completely misses you.
You closely miss the wight.
The wight hits you with a +3 halberd of freezing!
You feel drained. The wight barely misses you.
You hit the wight but do no damage. The wight barely misses you.
You closely miss the wight.
The wight hits you with a +3 halberd of freezing!
You feel drained. The wight freezes you.
You are too injured to fight recklessly!
You barely miss the wight. The wight barely misses you.
You sock the wight!
The wight is severely damaged.
The wight hits you with a +3 halberd of freezing!
You feel drained. The wight freezes you.
* * * LOW HITPOINT WARNING * * *
The wight hits you with a +3 halberd of freezing!
* * * LOW HITPOINT WARNING * * *
You feel drained.
* * * LOW HITPOINT WARNING * * *
The wight freezes you.
* * * LOW HITPOINT WARNING * * *
A red film seems to cover your vision as you go berserk!
You feel yourself moving faster!
You feel mighty!
The wight hits you with a +3 halberd of freezing!
You die...

#. #####. .# ...#.# #.# #
#....## #.# <# ..#..:..##
#.##.# ###
#........####.##.##.# .>...
..............##.##.##..#..
#......#######.##.#.....
##......z@)...........#..
#...#########.##.#..#.)(
###) #...$....... #.
#.###....!... #. ##
#.#..#### #. #<# .# ##
#.....# #.$#...# #.. ...#


You could see a wight.

Vanquished Creatures
  A water moccasin (D:6)
  2 ice beasts
  3 necrophages
  An ogre (D:6)
  2 phantoms (D:5)
  2 bullfrogs
  A scorpion (D:5)
  A water moccasin skeleton (D:6)
  6 wights
  5 hounds
  2 bullfrog skeletons
  A centaur skeleton (D:6)
  A gnoll shaman (D:5)
  A scorpion zombie (D:5)
  2 iguanas (D:2)
  2 orc wizards (D:6)
  A killer bee zombie (D:6)
  15 gnolls
  7 adders
  A shadow imp (D:6)
  A white imp (D:6)
  An ufetubus (D:4)
  A dart slug (D:1)
  8 orcs
  7 endoplasms
  2 giant cockroaches
  4 hobgoblins
  A quokka (D:5)
  9 ball pythons
  3 bats
  6 frilled lizards
  6 goblins
  5 kobolds
  3 rats
114 creatures vanquished.

Notes
Turn   | Place    | Note
-------+----------+-------------------------------------------
     0 | D:1      | siradein the Troll Berserker began the quest for the Orb.
     0 | D:1      | Reached XP level 1. HP: 22/22 MP: 0/0
    97 | D:1      | Reached XP level 2. HP: 28/29 MP: 1/1
   103 | D:1      | Found a faded altar of an unknown god.
   632 | D:1      | Reached ** piety under Trog
   646 | D:2      | Reached XP level 3. HP: 36/36 MP: 2/2
  1091 | D:2      | Reached XP level 4. HP: 31/45 MP: 3/3
  1572 | D:3      | Found Zestruin's Weapon Emporium.
  1624 | D:3      | Identified the +0 robe of the Bells {MP+9 Int+3}
  1875 | D:3      | Reached XP level 5. HP: 36/53 MP: 4/4
  2396 | D:4      | You fall into a shaft and drop 1 floor!
  2396 | D:5      | Entered Level 5 of the Dungeon
  2474 | D:5      | Noticed an ice beast
  2528 | D:5      | Noticed a phantom
  2561 | D:5      | Killed an ice beast
  2562 | D:5      | Reached XP level 6. HP: 59/62 MP: 5/5
  2675 | D:4      | Found a runed translucent gate.
  2676 | D:4      | Found a runed translucent gate.
  2676 | D:4      | Found an opulent altar of Gozag.
  2677 | D:4      | Found a runed translucent gate.
  2679 | D:4      | Noticed ASSMAN's ghost (amateur MfTm)
  3358 | D:5      | Reached *** piety under Trog
  3370 | D:5      | Reached XP level 7. HP: 67/70 MP: 6/6
  3380 | D:5      | Found a staircase to the Ecumenical Temple.
  3711 | D:5      | Reached skill level 5 in Maces & Flails
  4199 | D:6      | Reached skill level 5 in Fighting
  4199 | D:6      | Reached skill level 5 in Dodging
  4244 | D:6      | Reached XP level 8. HP: 77/80 MP: 7/7
  4377 | D:6      | Found a large runed translucent door.
  4377 | D:6      | Found a large runed translucent door.
  4809 | D:6      | Noticed ryw's ghost (novice DgFi)
  5027 | D:7      | Reached XP level 9. HP: 79/86 MP: 8/8
  5036 | D:7      | Slain by a wight

Illustrated notes

Levels and vault maps discovered:
D:1:      amcnicky_arrival_abandoned_market, layout_basic,
          ebering_ecumenical_altar_mist
D:2:      layout_basic
D:3:      layout_basic, serial_shops, nicolae_shop_bloodbath_and_beyond
D:4:      layout_layer_cave, ebering_ghost_gozag
D:5:      layout_layer_cave, minmay_temple_entry_grid
D:6:      layout_cave_pools, ebering_ghost_disaster_area
D:7:      layout_loops_ring, grunt_gozag_breadcrumbs, enter_bailey_4,
          kennysheep_flooded_box

Skill      XL: |  1  2  3  4  5  6  7  8 |
---------------+-------------------------+-----
Maces & Flails | 3 4 5 6 |  6.7
Fighting       | 3 4 5 6 |  6.1
Dodging        | 3 4 5 6 |  6.1

Action                   |  1- 3 |  4- 6 |  7- 9 || total
-------------------------+-------+-------+-------++-------
Melee: Mace              |    82 |   166 |     3 ||   251
       Whip              |       |       |   217 ||   217
       Giant club        |       |       |    94 ||    94
Invok: Berserk           |       |       |     3 ||     3
  Use: Scroll            |       |     5 |     1 ||     6
 Stab: Sleeping          |       |     1 |       ||     1
Armor: Animal skin       |    41 |    11 |       ||    52
       Robe              |       |    26 |    26 ||    52
Dodge: Dodged            |    41 |   137 |   223 ||   401

Table legend: (Time is in decaauts)
 A = Elapsed time spent in this place.
 B = Non-inter-level travel time spent in this place.
 C = Inter-level travel time spent in this place.
 D = Time resting spent in this place.
 E = Time spent auto-exploring this place.
 F = Levels seen in this place.
 G = Mean time per level.
                   A        B        C        D        E       F      G
               +--------+--------+--------+--------+--------+-----+--------+
         Total |   5091 |   4911 |    180 |     10 |   3670 |   7 |  727.3 |
       Dungeon |   5091 |   4911 |    180 |     10 |   3670 |   7 |  727.3 |
               +--------+--------+--------+--------+--------+-----+--------+

Top non-repeatable levels by time:
     D:5: 1105 daAuts
     D:4: 921 daAuts
     D:2: 860 daAuts
     D:6: 858 daAuts
     D:1: 658 daAuts
     D:3: 648 daAuts
     D:7: 38 daAuts
